 Dungeon Crawl Stone Soup version 0.26.1-11-gd32895ea62 (webtiles) character file.

Game seed: 16832640385391182605

1785 Incognito the Firebug (level 8, -23/105 HPs)
             Began as a Troll Fire Elementalist on June 30, 2021.
             Was a Follower of Makhleb.
             Annihilated by an orc warrior
             ... wielding a +0 glaive
              (26 damage)
             ... on level 7 of the Dungeon.
             The game lasted 00:16:29 (10990 turns).

Incognito the Firebug (Troll Fire Elementalist)    Turns: 10990, Time: 00:16:29

Health: -23/105    AC:  7    Str: 19    XL:     8   Next: 81%
Magic:  12/13      EV: 11    Int: 11    God:    Makhleb [*.....]
Gold:   475        SH:  0    Dex: 16    Spells: 14/15 levels left

rFire    . . .     SeeInvis .     - Unarmed
rCold    . . .     Faith    .   (no shield)
rNeg     . . .     Spirit   .   a - +1 robe
rPois    .         Reflect  .   (helmet restricted)
rElec    .         Harm     .   (no cloak)
rCorr    .         Rampage  .   (gloves unavailable)
Will     .....                  (boots unavailable)
Stlth    ..........             m - amulet of regeneration
HPRegen  1.07/turn              e - +6 ring of dexterity
MPRegen  0.13/turn              (no ring)

@: berserking, very quick
A: large, unfitting armour, claws 3, regeneration 1, shaggy fur 1, tough skin 3
a: Renounce Religion


You were on level 7 of the Dungeon.
You worshipped Makhleb.
Makhleb was aware of your devotion.
You visited 1 branch of the dungeon, and saw 7 of its levels.

You collected 475 gold pieces.

Inventory:

Hand Weapons
 g - a +0 hunting sling
 h - a +2 vorpal war axe
 i - a +2 dagger of venom
 w - a +2 flail of protection
Missiles
 f - 2 silver boomerangs
 q - 22 sling bullets
 r - 3 boomerangs of dispersal
Armour
 a - a +1 robe (worn)
Jewellery
 d - an uncursed ring of ice
 e - a +6 ring of dexterity (left claw)
 m - an amulet of regeneration (around neck)
Wands
 u - a wand of random effects (6)
Scrolls
 k - 5 scrolls of remove curse
 n - 4 scrolls of teleportation
 p - a scroll of fog
 t - a scroll of identify
 v - a scroll of magic mapping
Potions
 b - 2 potions of degeneration
 c - a potion of brilliance
 j - a potion of haste
 l - 2 potions of cancellation
 o - 2 potions of curing


   Skills:
 + Level 1.2 Fighting
 + Level 2.4 Dodging
 + Level 1.3 Stealth
 + Level 3.4 Unarmed Combat
 + Level 4.0 Spellcasting
 + Level 4.2 Conjurations
 + Level 5.0 Fire Magic


You had 14 spell levels left.
You knew the following spells:

 Your Spells              Type           Power        Failure   Level
a - Foxfire               Conj/Fire      48%          3%          1

Your spell library contained the following spells:

 Spells                   Type           Power        Failure   Level
 Conjure Flame            Conj/Fire      12%          11%         3
 Inner Flame              Hex/Fire       7%           26%         3
 Sticky Flame             Conj/Fire      12%          34%         4
 Fireball                 Conj/Fire      6%           69%         5


Dungeon Overview and Level Annotations

Branches:
Dungeon (7/15)             Temple (0/1) D:6

Altars:
Ashenzari
Cheibriados
Dithmenos
Elyvilon
Makhleb
Trog
Uskayaw
Wu Jian
The Shining One

Shops:
D:5 **


Innate Abilities, Weirdness & Mutations

You are too large for most types of armour.
You have claws for hands.
Your natural rate of healing is unusually fast.
You are covered in fur. (AC +1)
You have extremely tough skin. (AC +3)


Message History

The orc warrior is lightly wounded.
The orc warrior hits you with a +0 glaive!
* * * LOW HITPOINT WARNING * * *
You scratch the orc warrior.
The orc warrior is moderately wounded.
You completely miss the orc warrior.
The orc warrior is moderately wounded.
The orc warrior hits you with a +0 glaive!!
* * * LOW HITPOINT WARNING * * *
You closely miss the orc warrior.
The orc warrior is moderately wounded.
You claw the orc warrior!
The orc warrior is heavily wounded.
The orc warrior barely misses you.
You closely miss the orc warrior.
The orc warrior is heavily wounded.
You closely miss the orc warrior. Your claw misses the orc warrior.
The orc warrior is heavily wounded.
The orc warrior hits you with a +0 glaive!!
You die...

.....) ##.....). #
#........ #.
#.$...... ##.##
#............
#....###...........#
#....#.......8.8.#
#o@............#
###........8.8.#
##..........
#.......####
#..........###
#.......##...#
##..........##
#..........#
#..ยง.......#


You could see an orc warrior.

Vanquished Creatures
  Joseph (D:7)
  A sky beast (D:6)
  2 phantoms
  2 ogres (D:4)
  A centaur (D:5)
  A bullfrog (D:6)
  A scorpion (D:4)
  A howler monkey (D:5)
  6 wights (D:6)
  A centaur zombie (D:3)
  A centaur skeleton (D:4)
  An orc priest (D:3)
  A hound (D:5)
  2 orc wizards
  6 worker ants
  A howler monkey skeleton (D:4)
  A worker ant zombie (D:6)
  5 adders
  6 gnolls
  An ooze (D:2)
  An adder skeleton (D:6)
  5 worms
  2 dart slugs
  5 leopard geckos
  16 orcs
  4 giant cockroaches
  7 goblins
  3 hobgoblins
  7 jackals
  6 kobolds
  2 quokkas
  2 ball pythons
  5 bats
  3 frilled lizards
  A jackal skeleton (D:5)
  A leopard gecko skeleton (D:2)
  8 rats
120 creatures vanquished.

Vanquished Creatures (collateral kills)
  14 foxfires (D:1)
14 creatures vanquished.

Vanquished Creatures (others)
  A giant cockroach (D:4)
  843 foxfires
844 creatures vanquished.

Grand Total: 978 creatures vanquished

Notes
Turn   | Place    | Note
-------+----------+-------------------------------------------
     0 | D:1      | Incognito the Troll Fire Elementalist began the quest for
                  | the Orb.
     0 | D:1      | Reached XP level 1. HP: 16/16 MP: 1/1
   310 | D:1      | Reached XP level 2. HP: 24/24 MP: 0/3
  1347 | D:2      | Reached skill level 1 in Conjurations
  1361 | D:2      | Reached XP level 3. HP: 31/31 MP: 1/4
  1457 | D:2      | Reached skill level 1 in Unarmed Combat
  1689 | D:2      | Found a burning altar of Makhleb.
  1919 | D:2      | Reached XP level 4. HP: 39/39 MP: 0/5
  1945 | D:2      | HP: 2/40 [gnoll/+0 halberd (11)]
  2964 | D:3      | Reached XP level 5. HP: 31/46 MP: 1/6
  3360 | D:3      | Reached skill level 3 in Fire Magic
  4933 | D:2      | Became a worshipper of Makhleb the Destroyer
  5163 | D:4      | Reached XP level 6. HP: 19/54 MP: 1/8
  6280 | D:4      | Reached XP level 7. HP: 61/61 MP: 0/10
  7392 | D:5      | Entered Level 5 of the Dungeon
  8313 | D:5      | Reached skill level 4 in Fire Magic
  8523 | D:5      | Reached skill level 1 in Fighting
  8751 | D:5      | Found Furu's General Store.
  8820 | D:5      | Found Herch's General Store.
  8929 | D:5      | Reached XP level 8. HP: 64/70 MP: 10/12
  9248 | D:6      | Found a staircase to the Ecumenical Temple.
  9507 | D:6      | Found a bloodstained altar of Trog.
  9652 | D:6      | Reached * piety under Makhleb
 10517 | D:6      | Found a hide-covered altar of Uskayaw.
 10535 | D:6      | Found a white marble altar of Elyvilon.
 10544 | D:6      | Found a snail-covered altar of Cheibriados.
 10544 | D:6      | Found a broken altar of Ashenzari.
 10562 | D:6      | Found an ornate altar of the Wu Jian Council.
 10572 | D:6      | Found a shadowy altar of Dithmenos.
 10589 | D:6      | Found a glowing golden altar of the Shining One.
 10597 | D:6      | Got a brightly glowing chain mail
 10746 | D:7      | Noticed Joseph
 10778 | D:7      | Killed Joseph
 10779 | D:7      | Reached skill level 5 in Fire Magic
 10986 | D:7      | HP: 1/105 [orc warrior/+0 glaive (22)]
 10990 | D:7      | Annihilated by an orc warrior

Illustrated notes

Levels and vault maps discovered:
D:1:      minmay_arrival_loop, layout_basic, minmay_hedge_maze
D:2:      layout_rooms, lemuel_coloured_pillars_altar
D:3:      layout_basic
D:4:      layout_cave_pods, chequers_serial_rivers_marsh, lemuel_old_faithful
D:5:      layout_loops_corners, serial_shops, kennysheep_little_box, shop
D:6:      layout_cave_pods, old_standard_altar, minitemple,
          minmay_temple_entry_slanted
D:7:      layout_cave_pods, serial_column_ruins, column_ruins_hut,
          column_ruins_grid_3, column_ruins_open_small,
          column_ruins_columns_straight, serial_shops, nicolae_shop_trees,
          chequers_jeans, xom_redecorated, uniq_maggie, uniq_joseph

Skill      XL: |  1  2  3  4  5  6  7  8 |
---------------+-------------------------+-----
Conjurations   | 1 2 3 4 |  4.2
Unarmed Combat | 1 2 3 |  3.4
Fire Magic     | 3 4 5 |  5.0
Spellcasting   | 2 3 4 |  4.0
Dodging        | 2 |  2.4
Fighting       | 1 |  1.2
Stealth        | |  1.3

Action                   |  1- 3 |  4- 6 |  7- 9 || total
-------------------------+-------+-------+-------++-------
Melee: Unarmed           |    75 |    77 |   118 ||   270
       Punch             |       |     1 |     4 ||     5
       Flail             |       |       |     5 ||     5
 Cast: Foxfire           |    82 |   242 |   271 ||   595
  Use: Potion            |       |     4 |     6 ||    10
       Scroll            |       |     7 |     6 ||    13
Armor: Robe              |    48 |    31 |    33 ||   112
Dodge: Dodged            |    62 |    69 |    47 ||   178
